3AAA
PORT ROYAL DISASTER @ SALT LAKE CITY BUZZ
09/04/2026
 
TOP OF THE 1ST
Port Royal Disaster batting - Pitching for Salt Lake City Buzz : RHP Brian Morris
Pitching: RHP Brian Morris
Batting: RHB Aurelio García 0-0: Fly out, F7 (Line Drive, 78M)
Batting: RHB David McJannett 0-0: Ball
1-0: Foul Ball, location: 2F
1-1: Ball
2-1: Ball
3-1: Called Strike
3-2: Foul Ball, location: 2F
3-2: Foul Ball, location: 2F
3-2: Foul Ball, location: 2F
3-2: Strikes out swinging
Batting: RHB Manuel Becerra 0-0: Ball
1-0: Ball
2-0: Foul Ball, location: 2F
2-1: Foul Ball, location: 2F
2-2: Ball
3-2: SINGLE (Groundball, 56D)
Batting: RHB Marvin Hunter 0-0: Ball
1-0: Ball
2-0: Ball
3-0: Foul Ball, location: 2F
3-1: Base on Balls
Manuel Becerra to second
Batting: LHB Davis Mills 0-0: Called Strike
0-1: Ball
1-1: Ball
2-1: Ball
3-1: Called Strike
3-2: Fly out, F7 (Flyball, 7LSF)
Top of the 1st over - 0 run(s), 1 hit(s), 0 error(s), 2 left on base; Port Royal 0 - Salt Lake City 0
BOTTOM OF THE 1ST
Salt Lake City Buzz batting - Pitching for Port Royal Disaster : RHP Miguel Hernández
Pitching: RHP Miguel Hernández
Batting: LHB Roberto Soto 0-0: SOLO HOME RUN (Flyball, 9D), Distance : 407 ft
Batting: SHB Wayne Saunders 0-0: Ball
1-0: Ground out U3 (Groundball, 34)
Batting: RHB Justin MacPherson 0-0: Fly out, F8 (Flyball, 8LM)
Batting: RHB Vicente Cruz 0-0: Foul Ball, location: 2F
0-1: Ball
1-1: SOLO HOME RUN (Flyball, 78XD), Distance : 435 ft
Batting: RHB Jung-hwan Kwon 0-0: Swinging Strike
0-1: Called Strike
0-2: Foul Ball, location: 2F
0-2: Ball
1-2: Ball
2-2: Ground out U3 (Groundball, 3)
Bottom of the 1st over - 2 run(s), 2 hit(s), 0 error(s), 0 left on base; Port Royal 0 - Salt Lake City 2
TOP OF THE 2ND
Port Royal Disaster batting - Pitching for Salt Lake City Buzz : RHP Brian Morris
Batting: SHB Arsenio Sameiro 0-0: Ball
1-0: Foul Ball, location: 2F
1-1: Ball
2-1: Fly out, F8 (Flyball, 78M)
Batting: LHB Jim Schlossnagle 0-0: Ball
1-0: Ball
2-0: Ball
3-0: Base on Balls
Batting: RHB Ronnie Cleveland 0-0: Ball
1-0: Foul Ball, location: 2F
1-1: Ball
2-1: Fly out, F8 (Flyball, 8RM)
Batting: RHB Barnett Armstrong 0-0: Called Strike
0-1: Ball
1-1: Called Strike
1-2: Foul Ball, location: 2F
1-2: Foul Ball, location: 2F
1-2: DOUBLE (Line Drive, 7LM)
Jim Schlossnagle to third
Jim Schlossnagle scores
Batting: RHB Aurelio García 0-0: Called Strike
0-1: Ball
1-1: Foul Ball, location: 2F
1-2: Ball
2-2: Strikes out swinging
Top of the 2nd over - 1 run(s), 1 hit(s), 0 error(s), 1 left on base; Port Royal 1 - Salt Lake City 2
BOTTOM OF THE 2ND
Salt Lake City Buzz batting - Pitching for Port Royal Disaster : RHP Miguel Hernández
Batting: RHB Daryl Moran 0-0: Fly out, F8 (Flyball, 8LM)
Batting: SHB Carlton Reed 0-0: Ground out 4-3 (Groundball, 4)
Batting: RHB Alan Rosales 0-0: Ball
1-0: Called Strike
1-1: Ball
2-1: SINGLE (Groundball, 56D)
Batting: RHB Jack Davis 0-0: Called Strike
0-1: Foul Ball, location: 2F
0-2: Hit by Pitch
Alan Rosales to second
Batting: LHB Roberto Soto 0-0: Called Strike
0-1: Ball
1-1: Ball
2-1: Swinging Strike
2-2: Foul Ball, location: 2F
2-2: Strikes out swinging
Bottom of the 2nd over - 0 run(s), 1 hit(s), 0 error(s), 2 left on base; Port Royal 1 - Salt Lake City 2
TOP OF THE 3RD
Port Royal Disaster batting - Pitching for Salt Lake City Buzz : RHP Brian Morris
Batting: RHB David McJannett 0-0: Foul Ball, location: 2F
0-1: Called Strike
0-2: Ball
1-2: Foul Ball, location: 2F
1-2: Strikes out swinging
Batting: RHB Manuel Becerra 0-0: Ball
1-0: Called Strike
1-1: Ball
2-1: Foul Ball, location: 2F
2-2: Ball
3-2: SINGLE (Flyball, 6D)
Batting: RHB Marvin Hunter 0-0: Fly out, F8 (Flyball, 78D)
Runner from 1st tags up, SAFE at 2nd
Batting: LHB Davis Mills 0-0: SINGLE (Groundball, 56D)
Manuel Becerra to third
Runner from 3rd tries for Home, SAFE, no throw
Batting: SHB Arsenio Sameiro 0-0: Ball
1-0: Ball
2-0: SINGLE (Line Drive, 9S)
Davis Mills to second
Batting: LHB Jim Schlossnagle 0-0: Foul Ball, location: 2F
0-1: Ball
1-1: Foul Ball, location: 2F
1-2: Ball
2-2: Strikes out swinging
Top of the 3rd over - 1 run(s), 3 hit(s), 0 error(s), 2 left on base; Port Royal 2 - Salt Lake City 2
BOTTOM OF THE 3RD
Salt Lake City Buzz batting - Pitching for Port Royal Disaster : RHP Miguel Hernández
Batting: SHB Wayne Saunders 0-0: Ground out 5-3 (Groundball, 56)
Batting: RHB Justin MacPherson 0-0: Called Strike
0-1: Ball
1-1: Fly out, F6 (Popup, 56D)
Batting: RHB Vicente Cruz 0-0: Called Strike
0-1: Ball
1-1: Ground out 5-3 (Groundball, 56)
Bottom of the 3rd over - 0 run(s), 0 hit(s), 0 error(s), 0 left on base; Port Royal 2 - Salt Lake City 2
TOP OF THE 4TH
Port Royal Disaster batting - Pitching for Salt Lake City Buzz : RHP Brian Morris
Batting: RHB Ronnie Cleveland 0-0: Ball
1-0: Foul Ball, location: 2F
1-1: Swinging Strike
1-2: Ball
2-2: Fly out, F9 (Flyball, 9S)
Batting: RHB Barnett Armstrong 0-0: Ball
1-0: Ball
2-0: Ball
3-0: Called Strike
3-1: Foul Ball, location: 2F
3-2: Strikes out swinging
Batting: RHB Aurelio García 0-0: Ball
1-0: Foul Ball, location: 2F
1-1: Ball
2-1: DOUBLE (Line Drive, 78D)
Batting: RHB David McJannett 0-0: Foul Ball, location: 2F
0-1: Fly out, F8 (Line Drive, 8RD)
Top of the 4th over - 0 run(s), 1 hit(s), 0 error(s), 1 left on base; Port Royal 2 - Salt Lake City 2
BOTTOM OF THE 4TH
Salt Lake City Buzz batting - Pitching for Port Royal Disaster : RHP Miguel Hernández
Batting: RHB Jung-hwan Kwon 0-0: Called Strike
0-1: Swinging Strike
0-2: Foul Ball, location: 2F
0-2: Ball
1-2: Ground out 6-3 (Groundball, 6)
Batting: RHB Daryl Moran 0-0: Called Strike
0-1: Called Strike
0-2: Ball
1-2: Ball
2-2: Foul Ball, location: 2F
2-2: SINGLE (Line Drive, 4D)
Batting: SHB Carlton Reed 0-0: Called Strike
0-1: SINGLE (Groundball, 56D)
Daryl Moran to second
Batting: RHB Alan Rosales 0-0: Ball
1-0: Ball
2-0: Foul Ball, location: 2F
2-1: SINGLE (Groundball, 34D)
Daryl Moran to third
Carlton Reed to second
Runner from 3rd tries for Home, SAFE, no throw
Batting: RHB Jack Davis 0-0: Foul Ball, location: 2F
0-1: Foul Ball, location: 2F
0-2: Ball
1-2: Strikes out swinging
Batting: LHB Roberto Soto 0-0: Swinging Strike
0-1: Ball
1-1: Ball
Passed Ball!
Carlton Reed to third
Alan Rosales to second
2-1: Fly out, F8 (Flyball, 8LM)
Bottom of the 4th over - 1 run(s), 3 hit(s), 0 error(s), 2 left on base; Port Royal 2 - Salt Lake City 3
TOP OF THE 5TH
Port Royal Disaster batting - Pitching for Salt Lake City Buzz : RHP Brian Morris
Batting: RHB Manuel Becerra 0-0: Called Strike
0-1: Foul Ball, location: 2F
0-2: Foul Ball, location: 2F
0-2: Strikes out looking
Batting: RHB Marvin Hunter 0-0: Ball
1-0: Ball
2-0: Ball
3-0: Called Strike
3-1: Foul Ball, location: 2F
3-2: Foul Ball, location: 2F
3-2: Fly out, F8 (Flyball, 8LS)
Batting: LHB Davis Mills 0-0: Foul Ball, location: 2F
0-1: Fly out, F9 (Flyball, 9)
Top of the 5th over - 0 run(s), 0 hit(s), 0 error(s), 0 left on base; Port Royal 2 - Salt Lake City 3
BOTTOM OF THE 5TH
Salt Lake City Buzz batting - Pitching for Port Royal Disaster : RHP Miguel Hernández
Batting: SHB Wayne Saunders 0-0: Ball
1-0: Called Strike
1-1: Foul Ball, location: 2F
1-2: Ball
2-2: Strikes out swinging
Batting: RHB Justin MacPherson 0-0: Called Strike
0-1: Ball
1-1: Called Strike
1-2: Foul Ball, location: 2F
1-2: Ground out 6-3 (Groundball, 6)
Batting: RHB Vicente Cruz 0-0: Ball
1-0: Ball
2-0: Swinging Strike
2-1: Ball
3-1: Fly out, F8 (Flyball, 8LXD)
Bottom of the 5th over - 0 run(s), 0 hit(s), 0 error(s), 0 left on base; Port Royal 2 - Salt Lake City 3
TOP OF THE 6TH
Port Royal Disaster batting - Pitching for Salt Lake City Buzz : RHP Brian Morris
Pitching: LHP Dale Hamilton
Batting: SHB Arsenio Sameiro 0-0: SINGLE (Groundball, 56D)
Batting: LHB Jim Schlossnagle 0-0: Ball
1-0: Ground out 3-1 (Groundball, 34S)
Arsenio Sameiro to second
Batting: RHB Ronnie Cleveland 0-0: Ball
1-0: Ball
2-0: Ball
3-0: Base on Balls
Batting: RHB Barnett Armstrong 0-0: Called Strike
0-1: Ball
1-1: Called Strike
1-2: Ball
2-2: Strikes out swinging
Batting: RHB Aurelio García 0-0: Ball
1-0: Ball
2-0: Called Strike
2-1: Fly out, F5 (Line Drive, 56)
Top of the 6th over - 0 run(s), 1 hit(s), 0 error(s), 2 left on base; Port Royal 2 - Salt Lake City 3
BOTTOM OF THE 6TH
Salt Lake City Buzz batting - Pitching for Port Royal Disaster : RHP Miguel Hernández
Batting: RHB Jung-hwan Kwon 0-0: Called Strike
0-1: Ball
1-1: Ground out 6-3 (Groundball, 6)
Batting: RHB Daryl Moran 0-0: Swinging Strike
0-1: Ball
1-1: Foul Ball, location: 2F
1-2: Foul Ball, location: 2F
1-2: Ball
2-2: Foul Ball, location: 2F
2-2: Strikes out swinging
Batting: SHB Carlton Reed 0-0: Called Strike
0-1: Ball
1-1: Foul Ball, location: 2F
1-2: Foul Ball, location: 2F
1-2: Ball
2-2: Foul Ball, location: 2F
2-2: Ball
3-2: Strikes out looking
Bottom of the 6th over - 0 run(s), 0 hit(s), 0 error(s), 0 left on base; Port Royal 2 - Salt Lake City 3
TOP OF THE 7TH
Port Royal Disaster batting - Pitching for Salt Lake City Buzz : LHP Dale Hamilton
Batting: RHB David McJannett 0-0: Called Strike
0-1: Ball
1-1: Ball
2-1: Called Strike
2-2: Fly out, F8 (Flyball, 8LS)
Batting: RHB Manuel Becerra 0-0: Ground out 5-3 (Groundball, 5L)
Batting: RHB Marvin Hunter 0-0: Ball
1-0: Called Strike
1-1: DOUBLE (Line Drive, 7LM)
Pinch Hitting: RHB Paul Smith 0-0: Swinging Strike
0-1: Ball
1-1: Foul Ball, location: 2F
1-2: Ball
2-2: Strikes out swinging
Top of the 7th over - 0 run(s), 1 hit(s), 0 error(s), 1 left on base; Port Royal 2 - Salt Lake City 3
BOTTOM OF THE 7TH
Salt Lake City Buzz batting - Pitching for Port Royal Disaster : RHP Miguel Hernández
Pitching: LHP Aukukero Mincarlie Jr.
Now at 1B: Paul Smith
Batting: RHB Alan Rosales 0-0: SINGLE (Flyball, 89S)
Batting: RHB Jack Davis 0-0: Ball
1-0: Ball
2-0: Sac Bunt - play at second, runner OUT! 1-6
Pinch Hitting: RHB Carlos López 0-0: Ball
1-0: Fly out, F1 (Line Drive, 13)
Lined into DP, 1-3 (Line Drive, 13)
Bottom of the 7th over - 0 run(s), 1 hit(s), 0 error(s), 0 left on base; Port Royal 2 - Salt Lake City 3
TOP OF THE 8TH
Port Royal Disaster batting - Pitching for Salt Lake City Buzz : LHP Dale Hamilton
Pitching: RHP Powell Horne
Now at SS: Carlos López
Batting: SHB Arsenio Sameiro 0-0: Ball
1-0: Fly out, F7 (Flyball, 7S)
Batting: LHB Jim Schlossnagle 0-0: Foul Ball, location: 2F
0-1: Foul Ball, location: 2F
0-2: Ball
1-2: Strikes out swinging
Pitching: RHP Rick Kennedy
Batting: RHB Ronnie Cleveland 0-0: Ball
1-0: Swinging Strike
1-1: Ball
2-1: Ball
3-1: Base on Balls
Pinch Hitting: RHB Mike Green 0-0: Hit by Pitch
Ronnie Cleveland to second
Batting: RHB Aurelio García 0-0: Ball
1-0: Foul Ball, location: 2F
1-1: Fielders Choice at 2nd, 6-4 (Groundball, 6)
Top of the 8th over - 0 run(s), 0 hit(s), 0 error(s), 1 left on base; Port Royal 2 - Salt Lake City 3
BOTTOM OF THE 8TH
Salt Lake City Buzz batting - Pitching for Port Royal Disaster : LHP Aukukero Mincarlie Jr.
Now at SS: Mike Green
Batting: SHB Wayne Saunders 0-0: Ball
1-0: Ground out 5-3 (Groundball, 5)
Batting: RHB Justin MacPherson 0-0: Foul Ball, location: 2F
0-1: Ball
1-1: Ball
2-1: Foul Ball, location: 2F
2-2: Foul Ball, location: 2F
2-2: Hit by Pitch
Batting: RHB Vicente Cruz 0-0: Ball
1-0: Called Strike
1-1: Ball
2-1: Fly out, F8 (Flyball, 8LXD)
Batting: RHB Jung-hwan Kwon 0-0: Called Strike
0-1: Ball
1-1: Ball
2-1: Fielders Choice at 2nd, 6-4 (Groundball, 6)
Bottom of the 8th over - 0 run(s), 0 hit(s), 0 error(s), 0 left on base; Port Royal 2 - Salt Lake City 3
TOP OF THE 9TH
Port Royal Disaster batting - Pitching for Salt Lake City Buzz : RHP Rick Kennedy
Pitching: LHP An Jang-Yop
Now in LF: Juan Martínez
Batting: RHB David McJannett 0-0: Called Strike
0-1: Ball
1-1: Foul Ball, location: 2F
1-2: Ball
2-2: Ball
3-2: Base on Balls
Batting: RHB Manuel Becerra 0-0: Called Strike
0-1: SINGLE (Line Drive, 89S)
David McJannett to second
Batting: RHB Marvin Hunter 0-0: Fly out, F6 (Popup, 6D)
Batting: RHB Paul Smith 0-0: Called Strike
0-1: Swinging Strike
0-2: Ball
1-2: Strikes out swinging
Pinch Hitting: RHB Brandon Cooper 0-0: Ball
1-0: Ball
2-0: Foul Ball, location: 2F
2-1: Called Strike
2-2: Foul Ball, location: 2F
2-2: Strikes out looking
Top of the 9th over - 0 run(s), 1 hit(s), 0 error(s), 2 left on base; Port Royal 2 - Salt Lake City 3
Monday, March 20th, 2017 - OOTP Baseball 17.12 Build 75